 Dungeon Crawl Stone Soup version 0.29-a0-520-gc852659d43 (webtiles) character file.

Game seed: 40936242390772620

417 Bruhh the Skirmisher (level 6, -2/71 HPs)
             Began as an Ogre Abyssal Knight on May 31, 2022.
             Was a Priest of Lugonu.
             Killed from afar by an orc wizard (11 damage)
             ... with a magic dart
             ... on level 4 of the Dungeon.
             The game lasted 00:05:47 (7055 turns).

Bruhh the Skirmisher (Ogre Abyssal Knight)          Turns: 7055, Time: 00:05:49

Health: -2/71      AC:  4    Str: 20    XL:     6   Next: 92%
Magic:  6/7        EV: 10    Int: 11    God:    Lugonu [***...]
Gold:   219        SH:  0    Dex:  9    Spells: 5/5 levels left

rFire   . . .      SeeInvis .   s - +0 halberd (venom)
rCold   . . .      Faith    .   (shield currently unavailable)
rNeg    . . .      Spirit   .   b - +0 robe
rPois   .          Reflect  .   (helmet restricted)
rElec   .          Harm     .   t - +0 cloak
rCorr   .          Rampage  .   (gloves unavailable)
Will    .....                   (boots unavailable)
Stlth   +.........              (no amulet)
HPRegen 0.21/turn               (no ring)
MPRegen 0.10/turn               (no ring)

@: no status effects
A: large, unfitting armour, tough skin 1
a: Renounce Religion, Depart the Abyss, Bend Space, Banish


You were on level 4 of the Dungeon.
You worshipped Lugonu.
Lugonu was most pleased with you.
You visited 1 branch of the dungeon, and saw 4 of its levels.
You visited the Abyss 1 time.

You collected 219 gold pieces.

Inventory:

Hand Weapons
 a - a +1 mace
 s - a +0 halberd of venom (weapon)
 u - a +0 flail
Missiles
 i - a throwing net
Armour
 b - a +0 robe (worn)
 t - a +0 cloak (worn)
Jewellery
 e - the ring of Cugoabo {*Corrode Fly rElec Will+ MP+9 Int+2 SInv}
   (You found it on level 3 of the Dungeon)

   [ring of magical power]

   Int:       It affects your intelligence (+2).
   rElec:     It insulates you from electricity.
   MP:        It affects your magic capacity (+9).
   SInv:      It lets you see invisible.
   Fly:       It grants you flight.
   *Corrode:  It may corrode you when you take damage.
   Will:      It increases your willpower.
 j - a ring of protection from fire
Scrolls
 c - a scroll of enchant armour
 f - a scroll of identify
 g - 2 scrolls of teleportation
 k - 2 scrolls of immolation
 m - a scroll of magic mapping
 n - a scroll of amnesia {unknown}
 o - a scroll of noise {unknown}
 r - 2 scrolls of fog
Potions
 d - a potion of lignification {unknown}
 h - a potion of attraction {unknown}
 l - a potion of might {unknown}
 p - a potion of berserk rage {unknown}
 q - a potion of cancellation


   Skills:
 + Level 7.5 Fighting
 + Level 4.7 Maces & Flails
 - Level 2.1 Dodging
 - Level 2.0 Invocations


You had 5 spell levels left.
You didn't know any spells.
Your spell library contained the following spells:

 Spells                   Type           Power      Damage    Failure   Level
 Summon Small Mammal      Summ           0%         N/A       34%         1
 Call Canine Familiar     Summ           0%         N/A       71%         3
 Summon Guardian Golem    Hex/Summ       0%         N/A       71%         3
 Tukima's Dance           Hex            0%         N/A       71%         3
 Passage of Golubria      Tloc           0%         N/A       98%         4
 Yara's Violent Unravell  Hex/Tmut       0%         3d3       100%        5


Dungeon Overview and Level Annotations

Branches:
Dungeon (4/15)
 Temple: D:4-7

Altars:

Shops:
D:2 [


Innate Abilities, Weirdness & Mutations

You are too large for most types of armour.
You have tough skin. (AC +1)


Message History

Something hits you but does no damage.
You barely miss something. Something hits you but does no damage.
You closely miss something. Something hits you. x2
You miss something. Something hits you.
You closely miss something. Something hits you.
An orc comes into view. It is wielding a +0 club.
Something hits you but does no damage.
The orc moves out of view.
You closely miss something. Something hits you.
You hit something. Something hits you but does no damage. Something hits you.
You barely miss something. Something hits you but does no damage.
You barely miss something. Something hits you. x2
You closely miss something. Something completely misses you.
You miss something.
You hear some strange, mumbled words.
A magic dart appears from out of thin air!
The magic dart hits you. Something hits you.
You closely miss something. Something hits you.
You miss something.
Something hits you but does no damage. x2
You miss something. Something hits you.
You miss something. Something hits you. Something hits you but does no damage.
You closely miss something. Something hits you but does no damage.
You miss something.
You hear some strange, mumbled words.
A magic dart appears from out of thin air!
The magic dart hits you!
* * * LOW HITPOINT WARNING * * *
Something hits you but does no damage.
You completely miss something. Something hits you but does no damage.
You barely miss something. Something hits you.
* * * LOW HITPOINT WARNING * * *
Something hits you but does no damage.
Unknown command.
Okay, then.
Space bends violently around you!
You blink.
An orc comes into view. It is wielding a +0 club.
The orc shouts! x2
The orc throws a stone.
The stone closely misses you.
A magic dart appears from out of thin air!
The magic dart hits you!
You die...

#### ##...###
##### ### . ...
#######
#.####.##.{§..#
......o.#.###)#
..........# #.#
#
..o....@#.###.#
##
.......##.....#
#. ....###
###.### ### ...
#.# #.. ♣ #)#
#.> #.# #.. #.#
#.. #####.##
#.. #......#
###


You could see 2 orcs.

Vanquished Creatures
  A hound (D:4)
  5 orc priests
  2 orc wizards
  8 gnolls
  3 worms
  A dart slug (D:1)
  21 orcs
  2 bats
  5 endoplasms
  2 giant cockroaches
  4 goblins
  7 hobgoblins
  10 jackals
  3 quokkas
  5 ball pythons
  2 kobolds
  7 rats
88 creatures vanquished.

Vanquished Creatures (others)
  12 plants
12 creatures vanquished.

Grand Total: 100 creatures vanquished

Notes
Turn   | Place    | Note
-------+----------+-------------------------------------------
     0 | Abyss:1  | Bruhh the Ogre Abyssal Knight began the quest for the Orb.
     0 | Abyss:1  | Reached XP level 1. HP: 24/24 MP: 2/2
     9 | Abyss:1  | Found a corrupted altar of Lugonu.
    41 | Abyss:1  | Noticed a large abomination
    45 | D:1      | Escaped the Abyss
   247 | D:1      | Reached XP level 2. HP: 18/33 MP: 3/3
   534 | D:1      | Reached ** piety under Lugonu
  1002 | D:1      | Found a faded altar of an unknown god.
  1244 | D:1      | Reached XP level 3. HP: 39/40 MP: 4/4
  1349 | D:2      | Found Joqowos's Armour Shop.
  2131 | D:3      | Reached skill level 5 in Fighting
  2183 | D:3      | Reached XP level 4. HP: 14/44 MP: 5/5
  2193 | D:3      | HP: 2/44 [orc/+0 dagger (4)]
  2582 | D:3      | Identified the ring of Cugoabo {*Corrode Fly rElec Will+
                  | MP+9 Int+2 SInv}
  3730 | D:3      | Reached XP level 5. HP: 23/59 MP: 6/6
  4140 | D:2      | Reached skill level 6 in Fighting
  4632 | D:3      | Reached *** piety under Lugonu
  5665 | D:4      | Reached XP level 6. HP: 12/68 MP: 7/7
  6141 | D:4      | Reached skill level 7 in Fighting
  7055 | D:4      | Killed from afar by an orc wizard

Illustrated notes

Levels and vault maps discovered:
D:1:      dpeg_arrival_chambers_temple_mockup, layout_loops_ring,
          shapermc_ecumenical_altar_ellora, grunt_decor_mini_mirrors
D:2:      wad_pebble_path, layout_basic, serial_shops, nicolae_shop_stone
D:3:      layout_basic
D:4:      layout_loops_corners, serial_forest, infiniplex_forest_fountain,
          infiniplex_forest_join, infiniplex_forest_clump_curved,
          infiniplex_forest_straight_2, infiniplex_forest_join,
          infiniplex_forest_end_3, infiniplex_forest_lined_1

Skill      XL: |  1  2  3  4  5  6 |
---------------+-------------------+-----
Maces & Flails | 2 3 4 |  4.7
Fighting       | 5 6 7 |  7.5
Dodging        | |  2.1
Invocations    | |  2.0

Action                   |  1- 3 |  4- 6 || total
-------------------------+-------+-------++-------
Melee: Mace              |   103 |    98 ||   201
       Punch             |     2 |     1 ||     3
       Flail             |       |   146 ||   146
       Halberd           |       |    28 ||    28
Invok: Depart the Abyss  |     1 |       ||     1
       Bend Space        |       |     2 ||     2
  Use: Potion            |     1 |     4 ||     5
       Scroll            |       |     7 ||     7
 Stab: Sleeping          |     2 |       ||     2
Armor: Robe              |    24 |    76 ||   100
Dodge: Dodged            |    45 |   156 ||   201

Table legend: (Time is in decaauts)
 A = Elapsed time spent in this place.
 B = Non-inter-level travel time spent in this place.
 C = Inter-level travel time spent in this place.
 D = Time resting spent in this place.
 E = Time spent auto-exploring this place.
 F = Levels seen in this place.
 G = Mean time per level.
                   A        B        C        D        E       F      G
               +--------+--------+--------+--------+--------+-----+--------+
         Total |   7160 |   7066 |     94 |   1950 |   4097 |   5 | 1432.0 |
       Dungeon |   7115 |   7021 |     94 |   1950 |   4097 |   4 | 1778.8 |
         Abyss |     45 |     45 |      0 |      0 |      0 |   1 |   45.0 |
               +--------+--------+--------+--------+--------+-----+--------+

Top non-repeatable levels by time:
     D:3: 3080 daAuts
     D:4: 1553 daAuts
     D:1: 1317 daAuts
     D:2: 1164 daAuts
 Abyss:1: 45 daAuts
